 Dungeon Crawl Stone Soup version 0.28-a0-1555-g9ae15a6949 (webtiles) character file.

Game seed: 10165642605262640062

1092 HallandMoats the Skirmisher (level 8, -3/71 HPs)
             Began as a Ghoul Monk on Jan 18, 2022.
             Was a Priest of Qazlal.
             Slain by a sky beast (5 damage)
             ... on level 6 of the Dungeon.
             The game lasted 00:06:52 (6518 turns).

HallandMoats the Skirmisher (Ghoul Monk)            Turns: 6518, Time: 00:06:53

Health: -3/71      AC:  9    Str: 15 (17) XL:     8   Next: 31%
Magic:  18/18      EV: 14    Int:  2 (5)  God:    Qazlal [***...]
Gold:   231        SH:  4    Dex:  8 (11) Spells: 7/7 levels left

rFire   . . .      SeeInvis .     - Unarmed
rCold   + . .      Faith    .   (no shield)
rNeg    + + +      Spirit   .   w - +0 scale mail
rPois   ∞          Reflect  .   n - +0 helmet
rElec   .          Harm     .   (no cloak)
rCorr   .          Rampage  .   x - +0 pair of gloves
Will    .....                   (no boots)
Stlth   ..........              (no amulet)
HPRegen 0.00/turn               r - +4 ring of evasion
MPRegen 0.16/turn               e - ring of magical power

@: inhibited regen, hasted, very quick
A: claws 1, cold resistance 1, negative energy resistance 3, inhibited
regeneration, torment resistance 2
a: Renounce Religion, Upheaval, Elemental Force


You were on level 6 of the Dungeon.
You worshipped Qazlal.
Qazlal was most pleased with you.
You visited 1 branch of the dungeon, and saw 6 of its levels.

You collected 231 gold pieces.

Inventory:

Hand Weapons
 b - a +0 hunting sling
Missiles
 q - 38 stones (quivered)
 y - 16 sling bullets
Armour
 n - a +0 helmet (worn)
 w - a +0 scale mail (worn)
 x - a +0 pair of gloves (worn)
Jewellery
 e - a ring of magical power (right hand)
 r - a +4 ring of evasion (left hand)
 v - a ring of flight
Wands
 o - a wand of mindburst (18)
Scrolls
 a - a scroll of immolation {unknown}
 c - 3 scrolls of fog {unknown}
 d - a scroll of amnesia {unknown}
 g - 2 scrolls of magic mapping {unknown}
 h - a scroll of torment {unknown}
 j - 4 scrolls of identify {unknown}
 p - 2 scrolls of teleportation {unknown}
 s - a scroll of summoning {unknown}
 t - a scroll of enchant weapon {unknown}
 A - a scroll of enchant armour {unknown}
Potions
 k - a potion of magic {unknown}
 l - a potion of berserk rage {unknown}
 m - a potion of heal wounds {unknown}
 u - a potion of mutation {unknown}
 z - a potion of flight {unknown}


   Skills:
 * Level 6.7 Fighting
 * Level 3.6 Slings
 + Level 3.2 Armour
 + Level 4.3 Dodging
 - Level 2.1 Stealth
 - Level 3.2 Unarmed Combat
 + Level 3.8 Invocations


You had 7 spell levels left.
You didn't know any spells.
Your spell library contained the following spells:

 Spells                   Type           Power      Damage    Failure   Level
 Animate Skeleton         Necr           0%         N/A       94%         1
 Apportation              Tloc           0%         N/A       94%         1
 Freeze                   Ice            0%         1d3       94%         1
 Summon Small Mammal      Summ           0%         N/A       94%         1
 Frozen Ramparts          Ice            0%         1d2       100%        3
 Hailstorm                Conj/Ice       0%         3d3       100%        4


Dungeon Overview and Level Annotations

Branches:
Dungeon (6/15)
 Temple: D:4-7

Altars:
Makhleb
Qazlal
Zin

Shops:
D:5 (


Innate Abilities, Weirdness & Mutations

You thrive by killing the living.
You are immune to poison.
You have sharp fingernails.
Your flesh is cold resistant. (rC+)
You are immune to negative energy. (rN+++)
You do not regenerate when monsters are visible.
You are immune to unholy pain and torment.


Message History

The sky beast is heavily wounded.
The sky beast flickers out of sight!
Deactivating autopickup; reactivate with Ctrl-A.
Something hits you. Something shocks you.
You miss something.
A sky beast appears from thin air!
Reactivating autopickup.
You block the sky beast's attack.
You hit the sky beast.
The sky beast is heavily wounded.
The sky beast hits you but does no damage.
You closely miss the sky beast.
The sky beast is heavily wounded.
The sky beast hits you but does no damage.
You hit the sky beast.
The sky beast is severely wounded.
You hit the sky beast but do no damage.
The sky beast is severely wounded.
The sky beast flickers out of sight!
Deactivating autopickup; reactivate with Ctrl-A.
Something hits you. Something shocks you.
You barely miss something. Something hits you but does no damage.
You miss something. Something hits you. Something shocks you.
* * * LOW HITPOINT WARNING * * *
You hit something. Something hits you.
* * * LOW HITPOINT WARNING * * *
Something shocks you.
* * * LOW HITPOINT WARNING * * *
You barely miss something. Something barely misses you.
You hit something. Something hits you.
* * * LOW HITPOINT WARNING * * *
Something shocks you.
* * * LOW HITPOINT WARNING * * *
It was a potion of degeneration.
There was something very wrong with that liquid.
You feel weakened.
You feel dopey.
You feel clumsy. Something barely misses you.
It was a potion of haste.
You feel yourself speed up. Something hits you.
* * * LOW HITPOINT WARNING * * *
Something shocks you.
You die...

#..[.#####...##
##..### ##.#
###........_.#.###.#.
#.# #.###.##...#
.#.##.# #.# #.#
#.#8...###.(##.## #..
#.# #.######.......(#
#. #.#
#.#####.##(.#..(..
#.# #.......()).# .#.
#.# #######.#{### #.
#.#@# #.#.# #.#..
#.#.## #.#.# .#.# #.#
...


There were no monsters in sight!

Vanquished Creatures
  A sky beast (D:5)
  2 ogres
  A centaur (D:6)
  4 scorpions
  A water moccasin zombie (D:6)
  A wyvern zombie (D:5)
  A wyvern skeleton (D:6)
  A water moccasin skeleton (D:5)
  A jelly (D:5)
  A hound (D:5)
  2 iguanas (D:5)
  An orc wizard (D:6)
  6 adders
  An ufetubus (D:5)
  An adder zombie (D:5)
  2 worms (D:2)
  4 dart slugs
  10 orcs
  8 ball pythons
  5 endoplasms
  6 giant cockroaches
  7 goblins
  14 hobgoblins
  6 quokkas
  4 bats
  7 frilled lizards
  6 kobolds
  5 rats (D:1)
109 creatures vanquished.

Vanquished Creatures (others)
  2 fungi (D:3)
  A plant (D:5)
3 creatures vanquished.

Grand Total: 112 creatures vanquished

Notes
Turn   | Place    | Note
-------+----------+-------------------------------------------
     0 | D:1      | HallandMoats the Ghoul Monk began the quest for the Orb.
     0 | D:1      | Reached XP level 1. HP: 19/19 MP: 0/0
   157 | D:1      | Reached XP level 2. HP: 24/26 MP: 1/1
   538 | D:1      | Reached skill level 1 in Invocations
   605 | D:1      | Reached XP level 3. HP: 33/33 MP: 2/2
  1051 | D:2      | Reached skill level 1 in Armour
  1232 | D:2      | Reached skill level 4 in Fighting
  1343 | D:2      | Reached XP level 4. HP: 36/40 MP: 4/4
  1986 | D:3      | Found a faded altar of an unknown god.
  2029 | D:3      | Prayed at the altar of an unknown god.
  2029 | D:3      | Became a worshipper of Qazlal Stormbringer
  2029 | D:3      | Reached * piety under Qazlal
  2029 | D:3      | Reached ** piety under Qazlal
  2144 | D:3      | Reached XP level 5. HP: 47/47 MP: 5/5
  2162 | D:3      | Reached *** piety under Qazlal
  2627 | D:3      | Found a burning altar of Makhleb.
  3638 | D:4      | Noticed an ogre
  3644 | D:4      | Killed an ogre
  3645 | D:4      | Reached skill level 5 in Fighting
  3645 | D:4      | Reached skill level 1 in Slings
  3645 | D:4      | Reached XP level 6. HP: 38/56 MP: 6/6
  4552 | D:5      | Entered Level 5 of the Dungeon
  4616 | D:5      | Found Seirch's Hydra Hut.
  4629 | D:5      | Noticed a five-headed hydra
  4987 | D:5      | Reached XP level 7. HP: 51/61 MP: 8/8
  5798 | D:5      | Reached skill level 6 in Fighting
  6176 | D:5      | Reached XP level 8. HP: 56/71 MP: 9/9
  6518 | D:6      | HP: 2/71 [something (2)]
  6518 | D:6      | Slain by a sky beast

Illustrated notes

Levels and vault maps discovered:
D:1:      roderic_crossed_star, layout_loops_ring
D:2:      minmay_recursive_quarters, layout_rooms, serial_shops,
          nicolae_square_shop, st_stairs_2
D:3:      layout_basic, mainiacjoe_overflow_brackets,
          shapermc_ecumenical_altar_ellora
D:4:      layout_basic, chequers_decorated_corner
D:5:      layout_gridville, doesnt_shop_hydraphobe
D:6:      layout_loops_ring, mainiacjoe_overflow_surrounded_room,
          mainiacjoe_overflow_alcove_2, gammafunk_ghost_stat_death,
          minmay_stone_trees_small

Skill      XL: |  1  2  3  4  5  6  7 |
---------------+----------------------+-----
Invocations    | 1 2 3 |  3.8
Dodging        | 3 4 |  4.3
Armour         | 1 2 3 |  3.2
Fighting       | 4 5 6 |  6.7
Slings         | 1 2 3 |  3.6
Stealth        | |  2.1
Unarmed Combat | |  3.2

Action                   |  1- 3 |  4- 6 |  7- 9 || total
-------------------------+-------+-------+-------++-------
Melee: Unarmed           |   117 |   135 |    21 ||   273
       Punch             |     1 |     5 |       ||     6
 Fire: Hunting sling     |       |   114 |   130 ||   244
  Use: Potion            |       |       |     2 ||     2
 Stab: Distracted        |     1 |       |       ||     1
       Sleeping          |     1 |       |       ||     1
Armor: Robe              |     9 |       |       ||     9
       Ring mail         |     1 |    57 |       ||    58
       Scale mail        |       |     7 |    41 ||    48
Dodge: Dodged            |    65 |   123 |    69 ||   257
Block: Other             |       |    16 |    20 ||    36

Table legend: (Time is in decaauts)
 A = Elapsed time spent in this place.
 B = Non-inter-level travel time spent in this place.
 C = Inter-level travel time spent in this place.
 D = Time resting spent in this place.
 E = Time spent auto-exploring this place.
 F = Levels seen in this place.
 G = Mean time per level.
                   A        B        C        D        E       F      G
               +--------+--------+--------+--------+--------+-----+--------+
         Total |   6528 |   5893 |    635 |    174 |   4718 |   6 | 1088.0 |
       Dungeon |   6528 |   5893 |    635 |    174 |   4718 |   6 | 1088.0 |
               +--------+--------+--------+--------+--------+-----+--------+

Top non-repeatable levels by time:
     D:5: 1532 daAuts
     D:3: 1265 daAuts
     D:1: 1190 daAuts
     D:2: 1053 daAuts
     D:4: 1036 daAuts
     D:6: 449 daAuts
